 Dungeon Crawl Stone Soup version 0.31.0-11-ge490571c62 (webtiles) character file.

Game seed: 13792505199085841684

127 qw the Skirmisher (level 4, -10/25 HPs)
             Began as a Deep Elf Hunter on Feb 4, 2024.
             Killed by divine providence
             ... invoked by an orc priest
              (12 damage)
             ... on level 3 of the Dungeon.
             The game lasted 00:00:48 (1544 turns).

qw the Skirmisher (Deep Elf Hunter)                 Turns: 1544, Time: 00:00:49

Health: -10/25     AC:  5    Str: 10    XL:     4   Next: 85%
Magic:  6/6        EV: 11    Int: 14    God:
Gold:   60         SH:  0    Dex: 18    Spells: 3/3 levels left

rFire   . . .        a - +0 shortbow (heavy)
rCold   . . .        (shield currently unavailable)
rNeg    . . .        b - +0 ring mail
rPois   .            (no helmet)
rElec   .            (no cloak)
rCorr   .            (no gloves)
SInv    .            (no boots)
Will    .....        (no amulet)
Stlth   +            (no ring)
HPRegen 0.24/turn    (no ring)
MPRegen 0.10/turn

%: no passive effects
@: about to teleport
A: no striking features
a: no special abilities


You were on level 3 of the Dungeon.
You visited 1 branch of the dungeon, and saw 3 of its levels.

You collected 100 gold pieces.
You spent 40 gold pieces at shops.


   Skills:
 - Level 1.5 Fighting
 + Level 8.3 Ranged Weapons
 - Level 2.4 Dodging
 - Level 1.2 Stealth


You had 3 spell levels left.
You didn't know any spells.
Your spell library was empty.

Inventory:

Hand Weapons
 a - a +0 heavy shortbow (weapon)
Armour
 b - a +0 ring mail (worn)
Wands
 h - a wand of polymorph (7)
Scrolls
 c - a scroll of blinking {unknown}
 i - a scroll of identify {unknown}
Potions
 d - a potion of enlightenment
 e - a potion of curing
 g - 2 potions of might

Dungeon Overview and Level Annotations

Branches:
Dungeon (3/15)

Altars:

Shops:
D:2 !


Message History

The adder is moderately wounded.
You shoot an arrow. The arrow barely misses the adder.
You shoot an arrow. The arrow hits the adder!
You kill the adder!
A rat comes into view.
You shoot an arrow. The rat squeaks loudly.
The arrow hits the rat!
You kill the rat!
Found a stone staircase leading down.
You now have 60 gold pieces (gained 10).
Found a stone staircase leading down.
There is a stone staircase leading down here.
There is a stone staircase leading down here.
You see here a rat corpse.
Things that are here:
a +0 dagger; a goblin corpse
There is a stone staircase leading up here.
A frilled lizard comes into view.
You shoot an arrow. The arrow hits the frilled lizard!
You kill the frilled lizard!
As you open the door, it creaks loudly!
An orc wizard and 3 orc priests come into view.
The orc priest shouts!
The orc wizard shouts!
The orc priest shouts! x2
The orc priest invokes the aid of Beogh against you.
Pain shoots through your body!
The orc wizard gestures wildly while chanting.
The orc wizard flickers and vanishes!
Deactivating autopickup; reactivate with Ctrl-A.
The orc priest mumbles some strange prayers to Beogh against you.
Beogh smites you!
Ouch! That really hurt!
Found 107 gold pieces.
Found a roughly hewn altar of Beogh.
Autopickup is now on.
1544 ||| READING scroll of teleportation.
As you read the scroll of teleportation, it crumbles to dust.
You feel strangely unstable.
The orc priest calls down the wrath of Beogh upon you.
Beogh smites you!
You die...

## #### #% ..#
######## #.#####.#
####......#
#.#...#.###....####.#
#.#.#.........<...#.#
#.#...#.###....##....
#.##.##.# ####.####.#
#.......# #.####%#
####@#### #.....<#
#'# ######## ...
####### #


$8o8$ #.....#### #$$o$.# #......... #{8$8.# #......... ##$_o## #.....##%. #####
#.....##.. #.# ##.##>###. You could see 3 orc priests.

Vanquished Creatures
  Terence (D:2)
  5 adders
  2 ribbon worms (D:2)
  2 dart slugs (D:1)
  2 endoplasms (D:2)
  2 giant cockroaches (D:2)
  4 hobgoblins
  6 jackals (D:1)
  4 kobolds
  3 quokkas
  3 ball pythons (D:2)
  2 bats
  6 frilled lizards
  3 goblins
  5 rats
50 creatures vanquished.

Notes
Turn   | Place    | Note
-------+----------+-------------------------------------------
     0 | D:1      | qw the Deep Elf Hunter began the quest for the Orb.
     0 | D:1      | Reached XP level 1. HP: 12/12 MP: 3/3
     0 | D:1      | 0 ||| qw: Version: 0.3-a-160-g6735b56
     0 | D:1      | 0 ||| qw: Game counter: 5909
     0 | D:1      | 0 ||| qw: Melee chars always use a shield: true
     0 | D:1      | 0 ||| qw: God list: Okawaru
     0 | D:1      | 0 ||| qw: Allow faded altars: false
     0 | D:1      | 0 ||| qw: Do Orc after clearing Dungeon:15 true
     0 | D:1      | 0 ||| qw: Do second Lair branch before Depths: true
     0 | D:1      | 0 ||| qw: Lair rune preference: random
     0 | D:1      | 0 ||| qw: Goals: Normal
     0 | D:1      | 0 ||| PLANNING D:1-11
   144 | D:1      | Reached skill level 6 in Ranged Weapons
   144 | D:1      | Reached XP level 2. HP: 16/16 MP: 4/4
   605 | D:1      | 605 ||| READING scroll labelled KUWNAU OX GIX.
   606 | D:1      | 606 ||| READING scroll labelled FUTEL HUEPANI.
   606 | D:1      | 606 ||| BRANDING +0 shortbow.
   607 | D:1      | 607 ||| READING scroll labelled DULOOS GOSIN.
   610 | D:1      | 610 ||| DRINKING 2 viscous clear potions.
   611 | D:1      | 611 ||| DROPPING scroll of butterflies.
   719 | D:2      | Reached XP level 3. HP: 20/20 MP: 5/5
   827 | D:2      | Noticed Terence
   835 | D:2      | Killed Terence
   836 | D:2      | Reached skill level 7 in Ranged Weapons
   942 | D:2      | Found Leituquf's Distillery.
   950 | D:2      | 950 ||| BUYING potion of might (40 gold).
   950 | D:2      | Bought a potion of might for 40 gold pieces
   950 | D:2      | 950 ||| SHOPLISTING potion of resistance (100 gold, have
                  | 34).
   988 | D:2      | Reached XP level 4. HP: 25/25 MP: 6/6
  1022 | D:2      | Found a faded altar of an unknown god.
  1395 | D:2      | 1395 ||| UPGRADING to +0 ring mail.
  1405 | D:2      | 1405 ||| DROPPING +0 leather armour.
  1406 | D:2      | 1406 ||| DRINKING 2 smoky golden potions.
  1428 | D:3      | Reached skill level 8 in Ranged Weapons
  1543 | D:3      | HP: 1/25 [orc priest/divine providence (13)]
  1544 | D:3      | 1544 ||| READING scroll of teleportation.
  1544 | D:3      | Killed from afar by an orc priest

Levels and vault maps discovered:
D:1:      minmay_arrival_stone_box, layout_loops_ring
D:2:      layout_basic, hellmonk_ecumenical_altar_slurped_away, serial_shops,
          nicolae_shop_competitors_out_of_business, nicolae_wormholes,
          uniq_terence
D:3:      layout_loops_cross, kennysheep_orc_chapel

Skill      XL: |  1  2  3  4 |
---------------+-------------+-----
Ranged Weapons | 6 7 8 |  8.3
Fighting       | |  1.5
Dodging        | |  2.4
Stealth        | |  1.2

Action                     |  1- 3 |  4- 6 || total
---------------------------+-------+-------++-------
   Fire: Shortbow          |    79 |    32 ||   111
    Use: Scroll            |     3 |     1 ||     4
         Potion            |     1 |     1 ||     2
 Armour: Leather armour    |    11 |     5 ||    16
         Skin              |     3 |       ||     3
         Ring mail         |       |     1 ||     1
  Dodge: Dodged            |    16 |     3 ||    19

Table legend:
 A = Non-vault XP
 B = Vault XP
 C = Vault XP percentage of total XP
 D = Non-vault monster count
 E = Vault monster count
 F = Vault count percentage of total count
                 A         B        C        D         E       F
            +---------+---------+-------+---------+---------+-------
      Total |     135 |      47 |  25.8 |      46 |       4 |   8.0
            +---------+---------+-------+---------+---------+-------
        D:1 |      29 |       0 |   0.0 |      16 |       0 |   0.0
        D:2 |      68 |      47 |  40.9 |      21 |       4 |  16.0
        D:3 |      38 |       0 |   0.0 |       9 |       0 |   0.0
            +---------+---------+-------+---------+---------+-------
